 Dungeon Crawl Stone Soup version 0.24-a0-441-g27f0392e16 (webtiles) character file.

Game seed: 16346159005779364790

9 gruber the Conjurer (level 2, -1/17 HPs)
             Began as an Octopode Conjurer on June 19, 2019.
             Slain by a jackal (2 damage)
             ... on level 1 of the Dungeon.
             The game lasted 00:00:38 (73 turns).

gruber the Conjurer (Octopode Conjurer)               Turns: 73, Time: 00:00:39

Health: -1/17      AC:  1    Str:  7    XL:     2   Next: 12%
Magic:  1/5        EV: 13    Int: 17    God:
Gold:   0          SH:  0    Dex: 12    Spells: 4/5 levels left

rFire    . . .     SeeInvis .   (no weapon)
rCold    . . .     Gourm    .   (no shield)
rNeg     . . .     Faith    .   (helmet restricted)
rPois    .         Spirit   .   (no amulet)
rElec    .         Reflect  .   c - ring of wizardry
rCorr    .         Harm     .   (no ring)
MR       .....                  (no ring)
Stlth    +++.......             (no ring)
HPRegen  0.05/turn              (no ring)
MPRegen  0.09/turn              (no ring)
                                (no ring)
                                (no ring)

@: no status effects
A: almost no armour, stealthy swim, amphibious, 8 rings, constrict 8, camouflage
1, gelatinous body 1
a: no special abilities


You were on level 1 of the Dungeon.
You were not hungry.

You visited 1 branch of the dungeon, and saw 1 of its levels.

Inventory:

Jewellery
 c - a ring of wizardry (left tentacle)
Scrolls
 a - a scroll of identify {unknown}
Comestibles
 b - a ration


   Skills:
 + Level 2.0 Dodging
 + Level 2.8 Stealth
 * Level 2.2 Spellcasting
 + Level 4.2 Conjurations


You had 4 spell levels left.
You knew the following spells:

 Your Spells              Type           Power        Failure   Level  Hunger
a - Magic Dart            Conj           ###.         1%          1    #......

Your spell library contained the following spells:

 Spells                   Type           Power        Failure   Level  Hunger
 Searing Ray              Conj           ###...       1%          2    ###....
 Dazzling Spray           Conj/Hex       #.....       10%         3    ###....
 Iskenderun's Mystic Bla  Conj           ###.....     13%         4    #####..
 Force Lance              Conj/Tloc      #.......     30%         4    #####..
 Fulminant Prism          Conj/Hex       #.........   30%         4    #####..


Dungeon Overview and Level Annotations

Branches:
Dungeon (1/15)

Altars:


Innate Abilities, Weirdness & Mutations

You cannot wear most types of armour.
You are very stealthy in the water. (Stealth+)
You are amphibious.
You can wear up to eight rings at the same time.
You can use your tentacles to constrict eight enemies at once.
Your skin changes colour to match your surroundings (Stealth+).
Your rubbery body absorbs attacks. (AC +1, EV +1)


Message History

Aiming: Magic Dart (safe; 1% risk of failure)
Press: ? - help, Shift-Dir - straight line, f/p - jackal
Aim: a jackal (severely wounded)
The magic dart hits the jackal.
You kill the jackal!
The jackal bites you.
* * * LOW HITPOINT WARNING * * *
Unknown command.
Unknown command.
You aren't carrying any items that you can evoke.
Unknown command.
You barely miss the jackal. You grab the jackal.
You constrict the jackal, but do no damage.
The jackal closely misses you.
You tentacle-slap the jackal.
The jackal is moderately wounded.
You constrict the jackal.
A jackal comes into view.
The jackal bites you.
You die...

##.##### # # #......#
.#. #..###.# .†.
#...##.# #.####
#...##.# #..h.#
#...##.##########
#....#
#.#.##...........
#(###................
#(hh@...##.....♣♣♣♣♣♣
#h########....♣..PP.(
#.# #....♣...P.. ..#
#....♣P...PP ..##
#....♣PP...P ...
#....♣..P.<. #...
#....♣..PP.. #...
♣PP..P.


♣PP..PP You could see 3 jackals.

Vanquished Creatures
  A leopard gecko (D:1)
  A ball python (D:1)
  A hobgoblin (D:1)
  A jackal (D:1)
  2 bats (D:1)
  A frilled lizard (D:1)
  A rat (D:1)
8 creatures vanquished.

Notes
Turn   | Place    | Note
-------+----------+-------------------------------------------
     0 | D:1      | gruber the Octopode Conjurer began the quest for the Orb.
     0 | D:1      | Reached XP level 1. HP: 11/11 MP: 3/3
    64 | D:1      | Reached XP level 2. HP: 10/17 MP: 1/5
    73 | D:1      | Slain by a jackal

Levels and vault maps discovered:
D:1:      scummos_arrival_checkerplants, layout_loops_cross, tso_altar

Action                   || total
-------------------------++-------
Melee: Unarmed           ||    10
       Constrict         ||     3
Throw: Javelin           ||     3
 Cast: Magic Dart        ||     6
Armor: Skin              ||     2
Dodge: Dodged            ||    13

Table legend:
 A = Non-vault XP
 B = Vault XP
 C = Vault XP percentage of total XP
 D = Non-vault monster count
 E = Vault monster count
 F = Vault count percentage of total count
                 A         B        C        D         E       F
            +---------+---------+-------+---------+---------+-------
      Total |      13 |       0 |   0.0 |       8 |       0 |   0.0
            +---------+---------+-------+---------+---------+-------
        D:1 |      13 |       0 |   0.0 |       8 |       0 |   0.0
            +---------+---------+-------+---------+---------+-------
